Map: [ESL] Gresvan

Players

Clem

  • Race: Terran Terran
  • Spawn Location: 11:00

Dark - Winner!

  • Race: Zerg Zerg
  • Spawn Location: 5:00

Event: IEM Katowice 2023

VOD

Have the link to the VOD?

Description

Time

  • Played on: Feb. 10, 2023, 10:23 a.m.
  • Length: 23:37

All games in this series

Show
View Real Time Build Order
Export as new Build Order

Clem Terran 

Build Orders: Reaper Expand, Hellion Banshee 

Get SALT Encoding   

  12  0:00  SCV  
  13  0:12  SCV  
  14  0:16  Supply Depot  
  14  0:24  SCV  
  15  0:38  SCV  
  15  0:39  Barracks  
  16  0:43  Refinery  
  16  0:50  SCV  
  17  1:02  SCV  
  18  1:14  SCV  
  19  1:26  Reaper  
  19  1:27  Orbital Command  
  20  1:39  Command Center  
  20  1:46  Supply Depot  
  20  1:52  SCV  
  21  1:58  Marine  
  22  2:04  SCV  
  23  2:09  Factory  
  23  2:16  SCV  
  23  2:20  Barracks Reactor  
  24  2:28  SCV  
  25  2:38  Command Center  
  25  2:41  SCV  
  26  2:50  Orbital Command  
  26  2:53  SCV  
  27  2:58  Starport  
  27  3:04  Refinery  
  27  3:05  SCV  
  27  3:10  Hellion  
  30  3:13  Hellion  
  30  3:16  SCV  
  30  3:18  SCV  
  34  3:21  Barracks Tech Lab  
  34  3:28  SCV  
  34  3:31  SCV  
  34  3:32  Hellion  
  38  3:35  Hellion  
  38  3:40  SCV  
  41  3:44  Banshee, SCV  
  45  3:50  Orbital Command  
  45  3:54  Cloaking Field, SCV  
  46  3:56  SCV  
  46  3:59  Hellion  
  46  4:01  Hellion  
  51  4:06  Supply Depot  
  51  4:07  SCV  
  51  4:08  SCV  
  53  4:10  Barracks Tech Lab  
  53  4:16  Orbital Command  
  53  4:17  Refinery  
  53  4:19  SCV  
  53  4:20  Refinery  
  53  4:21  SCV  
  59  4:24  Hellion x2  
  59  4:30  Banshee  
  62  4:31  SCV  
  62  4:33  Supply Depot  
  62  4:34  SCV  
  64  4:41  Factory  
  64  4:42  SCV  
  64  4:43  SCV  
  66  4:46  SCV  
  67  4:52  Factory  
  67  4:54  SCV  
  67  4:55  SCV  
  67  4:58  Supply Depot  
  67  4:59  SCV, Barracks Tech Lab, Hellion  
  74  5:00  Hellion  
  74  5:01  Hyperflight Rotors  
  74  5:06  SCV  
  75  5:07  SCV  
  75  5:10  Supply Depot  
  75  5:12  SCV  
  76  5:14  Refinery  
  76  5:15  Refinery  
  76  5:19  SCV  
  76  5:20  Banshee, SCV  
  81  5:24  SCV  
  81  5:26  Supply Depot  
  82  5:32  SCV  
  82  5:33  SCV, Cyclone  
  87  5:36  SCV  
  87  5:38  Supply Depot  
  88  5:44  SCV  
  88  5:46  SCV, Cyclone  
  92  5:50  Hellion x2  
  92  5:51  SCV  
  92  5:55  Supply Depot  
  92  5:56  SCV  
  94  5:58  SCV  
  94  6:03  SCV  
  90  6:06  Cyclone  
  90  6:08  SCV  
  90  6:10  SCV  
  92  6:11  Mag-Field Accelerator  
  92  6:14  Banshee  
  92  6:15  SCV  
  96  6:20  SCV, Cyclone  
  96  6:22  SCV  
  101  6:27  Factory, SCV  
  101  6:32  SCV, Supply Depot  
  103  6:35  Factory  
  103  6:37  SCV  
  103  6:39  SCV  
  105  6:42  Barracks Tech Lab  
  105  6:43  Supply Depot, Cyclone  
  105  6:45  SCV  
  109  6:49  SCV, Infernal Pre-Igniter  
  109  6:52  SCV, Hellion x2  
  113  6:56  Cyclone  
  113  6:57  SCV  
  113  7:00  Supply Depot  
  117  7:01  Supply Depot  
  117  7:03  Banshee  
  117  7:06  SCV  
  121  7:13  SCV  
  121  7:15  Cyclone  
  125  7:18  Hellion x2  
  125  7:19  SCV  
  125  7:21  Supply Depot  
  130  7:28  Cyclone  
  133  7:32  Cyclone  
  133  7:36  Command Center  
  125  7:40  Supply Depot  
  125  7:43  Hellion x2  
  129  7:47  Cyclone  
  129  7:48  Supply Depot  
  129  7:49  Banshee  
  135  7:57  Factory Tech Lab  
  131  8:01  Cyclone  
  131  8:02  Supply Depot  
  131  8:04  Cyclone  
  141  8:06  Hellion x2  
  141  8:09  Engineering Bay  
  141  8:12  Factory  
  141  8:13  Factory  
  141  8:14  Factory  
  141  8:16  Cyclone  
  144  8:24  Cyclone  
  145  8:28  Supply Depot  
  145  8:31  Hellion  
  145  8:33  Cyclone  
  146  8:37  Sensor Tower  
  146  8:38  Banshee  
  147  8:43  SCV  
  147  8:46  Missile Turret  
  147  8:47  Missile Turret  
  142  8:51  Cyclone  
  142  8:54  Cyclone  
  135  9:03  Cyclone  
  135  9:04  Hellion  
  135  9:05  Cyclone  
  135  9:15  SCV x3  
  132  9:23  Cyclone  
  135  9:26  Cyclone  
  135  9:27  SCV  
  139  9:31  Factory Tech Lab  
  139  9:33  Factory Reactor, Hellion  
  139  9:34  SCV, Hellion  
  139  9:35  SCV, Cyclone  
  139  9:36  Factory Reactor  
  139  9:37  Cyclone  
  149  9:39  SCV  
  148  9:46  SCV  
  148  9:47  SCV  
  148  9:51  SCV  
  151  9:52  Missile Turret  
  151  9:55  Cyclone  
  151  9:56  Planetary Fortress  
  151  9:59  Cyclone x2  
  162  10:00  Hellion  
  162  10:04  SCV, Widow Mine  
  162  10:05  SCV x2  
  165  10:08  Refinery x2  
  165  10:13  Barracks  
  165  10:14  Barracks Tech Lab  
  165  10:16  Ghost Academy  
  165  10:18  SCV x2  
  165  10:19  SCV  
  145  10:29  Cyclone x2  
  145  10:30  SCV  
  145  10:31  SCV x2  
  145  10:34  Siege Tank  
  143  10:41  Siege Tank x2  
  143  10:42  Hellion x3  
  152  10:46  Hellion  
  154  10:50  Ghost  
  154  10:55  Command Center  
  156  11:01  Sensor Tower  
  156  11:06  Siege Tank x2  
  156  11:08  Barracks Tech Lab  
  162  11:12  Siege Tank  
  162  11:14  Siege Tank  
  172  11:18  Hellion x2  
  172  11:19  Ghost  
  172  11:23  Armory  
  174  11:28  Armory  
  174  11:29  Ghost, SCV x2  
  174  11:42  Command Center  
  174  11:43  Missile Turret  
  174  11:44  Command Center  
  174  11:46  Siege Tank  
  177  11:49  Ghost  
  179  11:55  Barracks  
  179  11:57  Siege Tank x2  
  179  12:01  Missile Turret  
  185  12:05  Ghost, Missile Turret  
  185  12:08  Terran Infantry Armor Level 1  
  187  12:10  Engineering Bay  
  187  12:16  Siege Tank  
  187  12:18  Ghost  
  189  12:22  Refinery  
  189  12:24  Refinery  
  189  12:28  Terran Vehicle Weapons Level 1  
  189  12:33  Ghost, Terran Vehicle And Ship Armor Level 1  
  191  12:37  Planetary Fortress  
  191  12:39  Missile Turret  
  191  12:43  Hellion x4  
  197  12:52  Ghost  
  197  12:53  Barracks Tech Lab  
  195  12:59  Barracks  
  195  13:00  Orbital Command x2  
  195  13:02  Ghost  
  195  13:17  Command Center  
  195  13:18  Missile Turret  
  195  13:19  Terran Infantry Weapons Level 1  
  191  13:20  Ghost, Personal Cloaking  
  191  13:21  Ghost  
  191  13:22  Siege Tank  
  198  13:33  Ghost  
  191  13:43  Siege Tank x2  
  197  13:49  Ghost  
  197  13:53  Command Center  
  193  13:56  Ghost  
  193  14:01  SCV x2  
  193  14:02  Ghost  
  196  14:09  Missile Turret  
  194  14:14  Siege Tank  
  194  14:15  Siege Tank  
  200  14:21  Missile Turret  
  198  14:25  Ghost  
  198  14:26  Missile Turret  
  198  14:27  Siege Tank, Sensor Tower  
  198  14:29  Siege Tank x2, Ghost  
  190  14:33  Ghost  
  176  14:44  Hellion x2  
  170  14:46  Siege Tank  
  170  14:47  Siege Tank  
  170  14:50  Command Center  
  170  14:53  Ghost  
  170  14:56  Hellion x2  
  170  14:57  Hellion  
  170  14:58  Ghost  
  178  15:04  Ghost  
  178  15:06  Hellion x2  
  178  15:07  Hellion  
  186  15:14  Orbital Command  
  186  15:16  Refinery  
  186  15:17  Missile Turret  
  186  15:18  Refinery  
  186  15:20  Sensor Tower  
  186  15:22  Ghost, Terran Infantry Weapons Level 2  
  186  15:25  Barracks Tech Lab  
  186  15:26  Terran Infantry Armor Level 2  
  188  15:40  Sensor Tower  
  190  15:43  Smart Servos  
  190  15:49  Planetary Fortress  
  196  15:59  Thor x3  
  200  16:07  Missile Turret  
  200  16:09  Orbital Command  
  200  16:15  Command Center, Terran Vehicle Weapons Level 2  
  200  16:20  Hellion x3  
  200  16:21  Hellion  
  200  16:23  Terran Vehicle And Ship Armor Level 2  
  190  16:45  Thor x2  
  191  16:47  Orbital Command, Thor  
  190  16:56  Thor  
  190  17:00  Thor  
  199  17:02  Orbital Command  
  197  17:12  SCV  
  197  17:13  Ghost  
  171  17:17  Ghost  
  158  17:25  Ghost x2  
  158  17:28  Thor x2  
  153  17:37  Hellion  
  153  17:38  Hellion x4  
  157  17:45  Ghost, SCV x2  
  157  17:47  SCV x2  
  157  17:52  Hellion x2  
  157  17:53  Ghost  
  157  17:55  SCV x2  
  157  17:57  SCV x2  
  167  18:03  Orbital Command  
  167  18:08  Siege Tank  
  167  18:10  Ghost  
  155  18:13  SCV, Hellion x2  
  155  18:16  SCV x2, Hellion  
  155  18:19  SCV x3  
  146  18:23  Hellion x2  
  146  18:26  Ghost  
  144  18:27  Ghost  
  130  18:35  SCV x2  
  130  18:36  SCV  
  130  18:37  SCV  
  130  18:39  Ghost, Hellion x2  
  130  18:40  Hellion  
  140  18:41  SCV  
  140  18:42  SCV  
  140  18:44  SCV  
  143  18:49  Terran Vehicle Weapons Level 3  
  143  18:50  Terran Vehicle And Ship Armor Level 3  
  143  18:55  Hellion x2  
  147  18:59  Siege Tank  
  147  19:01  Refinery  
  150  19:05  Hellion x2  
  150  19:07  Siege Tank  
  150  19:08  Hellion x2  
  157  19:10  SCV x2  
  157  19:13  SCV, Hellion  
  162  19:18  Siege Tank  
  162  19:20  SCV x2  
  167  19:24  SCV  
  167  19:26  Sensor Tower  
  167  19:29  Hellion x2  
  167  19:30  Siege Tank  
  175  19:34  Refinery  
  175  19:38  Command Center  
  175  19:41  SCV  
  175  19:42  SCV  
  175  19:44  Ghost x2  
  174  19:48  Hellion x2  
  174  19:51  Siege Tank  
  181  19:57  Siege Tank  
  184  20:05  Missile Turret x2  
  184  20:06  Orbital Command, Ghost  
  181  20:17  Siege Tank  
  181  20:20  Siege Tank  
  175  20:24  SCV  
  175  20:27  SCV  
  170  20:30  Ghost  
  170  20:31  SCV  
  173  20:38  Siege Tank  
  173  20:42  SCV  
  175  20:45  Command Center  
  175  20:52  Hellion  
  175  20:53  Refinery, Missile Turret  
  175  20:54  Missile Turret  
  175  20:55  Ghost x2  
  177  20:57  Refinery  
  177  20:58  Hellion  
  179  21:10  Ghost  
  181  21:11  Siege Tank x2  
  187  21:20  Siege Tank  
  183  21:26  Ghost  
  183  21:31  Ghost  
  153  21:38  Widow Mine, Hellion x2  
  153  21:39  Ghost  
  116  21:41  Hellion x2  
  116  21:45  Hellion  
  120  21:50  Hellion x2  
  120  21:52  Siege Tank x2  
  130  21:59  Hellion x3  
  136  22:11  Siege Tank x2, Hellion  
  144  22:16  Siege Tank  
  144  22:21  Missile Turret  
  147  22:24  Siege Tank x2  
  153  22:32  Factory Tech Lab  
  153  22:34  Planetary Fortress  
  153  22:35  Ghost  
  155  22:41  Ghost  
  143  22:46  Hellion x2  
  143  22:49  Hellion  
  145  22:52  Siege Tank x2  
  145  22:53  Hellion  
  145  22:57  Marine  
  140  23:03  Hellion  
  140  23:04  Siege Tank, SCV  
  126  23:05  Orbital Command  
  126  23:06  Ghost  
  126  23:08  SCV  
  126  23:12  SCV x2  
  112  23:23  SCV  
  112  23:24  SCV  
  112  23:25  SCV  
Show
View Real Time Build Order
Export as new Build Order

Dark Zerg - Winner!

Build Orders: Hatch First 

Get SALT Encoding   

  12  0:00  Drone  
  13  0:12  Overlord  
  13  0:16  Drone  
  14  0:30  Drone x2  
  16  0:48  Hatchery  
  15  0:51  Drone  
  15  0:54  Drone  
  17  0:58  Drone  
  18  1:08  Extractor  
  17  1:12  Spawning Pool  
  17  1:15  Drone  
  17  1:19  Drone  
  18  1:27  Drone  
  19  1:39  Drone  
  20  1:49  Drone  
  21  2:00  Queen x2  
  25  2:01  Zergling x4  
  27  2:11  Overlord, Zergling x2  
  28  2:20  Hatchery  
  27  2:28  Drone  
  28  2:30  Drone  
  28  2:32  Drone  
  28  2:34  Drone  
  31  2:39  Queen  
  33  2:45  Overlord  
  33  2:49  Drone  
  34  2:54  Queen  
  36  3:04  Drone x3  
  36  3:05  Drone  
  40  3:13  Overlord  
  40  3:14  Drone  
  40  3:15  Drone x2  
  43  3:30  Drone  
  43  3:31  Queen, Roach Warren  
  43  3:32  Drone x2  
  47  3:39  Drone x2  
  49  3:41  Drone  
  49  3:44  Drone  
  49  3:47  Drone  
  52  3:50  Overlord  
  52  3:53  Overlord  
  52  3:54  Drone  
  53  3:56  Drone x4  
  57  4:07  Drone  
  58  4:12  Roach x3  
  58  4:15  Roach x2  
  58  4:16  Roach x2  
  72  4:22  Drone  
  72  4:23  Drone  
  74  4:24  Extractor  
  74  4:25  Overlord, Extractor  
  72  4:32  Hatchery  
  72  4:35  Drone  
  72  4:41  Drone  
  72  4:42  Drone  
  72  4:44  Spore Crawler  
  73  4:45  Spore Crawler  
  73  4:48  Drone x3  
  73  4:50  Drone, Spore Crawler  
  75  4:54  Lair  
  75  4:55  Drone x3  
  75  4:59  Drone x4  
  81  5:13  Roach  
  82  5:15  Overlord  
  82  5:18  Overlord  
  82  5:24  Overlord  
  82  5:29  Overlord  
  82  5:30  Extractor, Overlord, Drone  
  82  5:32  Overlord  
  82  5:35  Drone, Roach x2  
  87  5:37  Extractor  
  87  5:38  Extractor, Drone x2  
  87  5:42  Roach  
  89  5:48  Drone x4  
  91  5:55  Glial Reconstitution  
  91  5:57  Drone x2  
  91  5:58  Drone x2  
  91  6:00  Drone x3  
  91  6:02  Drone x2  
  100  6:07  Roach  
  100  6:10  Drone  
  100  6:11  Drone x2  
  97  6:13  Evolution Chamber  
  97  6:14  Infestation Pit, Evolution Chamber  
  97  6:15  Drone x3  
  97  6:16  Drone  
  97  6:17  Drone  
  99  6:18  Drone  
  99  6:19  Queen  
  99  6:20  Overlord, Queen x2  
  99  6:25  Pneumatized Carapace  
  106  6:28  Roach x2  
  106  6:31  Drone x2  
  112  6:35  Drone, Spore Crawler  
  112  6:37  Roach, Spore Crawler  
  112  6:39  Roach  
  115  6:40  Overseer  
  115  6:42  Roach  
  115  6:44  Roach  
  119  6:47  Overlord  
  119  6:48  Zerg Missile Weapons Level 1  
  116  6:56  Roach x2  
  116  7:00  Overlord, Pathogen Glands  
  120  7:01  Overlord  
  120  7:03  Zerg Melee Weapons Level 1  
  118  7:09  Drone x2  
  118  7:10  Drone  
  118  7:14  Drone x3  
  118  7:15  Burrow  
  121  7:17  Roach x3  
  121  7:21  Tunneling Claws  
  127  7:23  Roach x3  
  127  7:24  Roach x2  
  127  7:27  Roach x3  
  143  7:35  Drone x5  
  144  7:39  Overlord  
  144  7:41  Overlord  
  140  7:45  Hydralisk Den  
  140  7:50  Overlord  
  139  7:53  Drone x5  
  140  7:59  Infestor x4  
  140  8:02  Overlord  
  140  8:03  Drone x3  
  140  8:04  Extractor, Drone x4  
  140  8:05  Extractor, Spine Crawler  
  153  8:11  Hatchery  
  151  8:18  Roach x7  
  165  8:20  Infestor x4  
  165  8:25  Roach x5  
  173  8:31  Roach x3  
  175  8:35  Grooved Spines  
  175  8:36  Overlord  
  175  8:38  Overlord  
  175  8:39  Overlord  
  173  8:46  Roach x5  
  173  8:47  Roach x4  
  173  8:51  Overseer  
  173  8:52  Roach x19  
  173  8:53  Roach x2  
  167  9:02  Roach x10  
  171  9:12  Infestor x2  
  171  9:15  Zergling x10  
  171  9:16  Zergling x2  
  161  9:19  Roach x4  
  161  9:23  Hatchery  
  164  9:27  Hydralisk x3, Hive  
  164  9:29  Drone x4  
  164  9:30  Roach  
  176  9:32  Roach  
  176  9:37  Roach x2  
  180  9:39  Roach  
  180  9:41  Roach x8  
  180  9:44  Infestor  
  176  9:49  Roach x10  
  176  9:51  Roach x2  
  176  9:52  Roach x2  
  178  9:53  Roach  
  178  9:58  Roach x8  
  194  10:00  Roach x18  
  194  10:04  Zerg Missile Weapons Level 2  
  178  10:10  Roach x3  
  184  10:14  Roach x2  
  184  10:16  Drone, Spore Crawler  
  184  10:18  Muscular Augments  
  168  10:34  Zergling x12  
  168  10:35  Zergling x12  
  170  10:36  Metabolic Boost  
  170  10:38  Drone x4  
  170  10:40  Infestor x2  
  178  10:44  Roach x3  
  178  10:45  Drone x2  
  178  10:47  Hatchery  
  185  10:51  Viper x2  
  191  11:01  Viper  
  194  11:05  Roach x3  
  194  11:08  Extractor x2  
  194  11:09  Zerg Melee Weapons Level 2  
  194  11:10  Evolution Chamber  
  194  11:11  Evolution Chamber  
  190  11:13  Evolution Chamber x2  
  187  11:25  Drone x2  
  187  11:26  Drone  
  189  11:34  Drone x2, Lurker Den  
  189  11:38  Drone, Hydralisk  
  189  11:39  Hydralisk x6  
  199  11:48  Baneling Nest  
  198  12:02  Hydralisk  
  200  12:11  Hatchery x2  
  200  12:13  Zerg Ground Armor Level 1  
  172  12:26  Spire  
  172  12:27  Hydralisk x4  
  172  12:28  Hydralisk x5  
  190  12:31  Centrifugal Hooks, Zergling x18  
  190  12:35  Neural Parasite  
  199  12:38  Spore Crawler  
  199  12:39  Drone  
  199  12:40  Extractor  
  199  12:42  Extractor, Spine Crawler  
  199  12:43  Drone, Spine Crawler x2  
  195  12:47  Spine Crawler  
  195  12:50  Drone x3, Spine Crawler  
  194  12:53  Drone  
  194  12:54  Zergling x8  
  194  12:55  Roach x17  
  194  12:57  Baneling x13  
  194  12:58  Baneling  
  199  13:14  Spire  
  198  13:20  Overseer x2  
  198  13:21  Overseer x2  
  198  13:22  Overseer x2  
  198  13:26  Roach x17  
  193  13:38  Zergling x14  
  199  13:42  Greater Spire  
  199  13:43  Roach x8  
  175  14:04  Zergling x36  
  175  14:05  Zergling x28  
  175  14:08  Zerg Missile Weapons Level 3, Zerg Ground Armor Level 2, Zerg Melee Weapons Level 3  
  193  14:10  Baneling x18  
  193  14:13  Drone  
  193  14:14  Drone x3  
  193  14:15  Drone x2  
  193  14:16  Drone  
  171  14:39  Zergling x46  
  171  14:41  Overlord x3  
  171  14:44  Overlord x2  
  176  14:49  Zerg Flyer Weapons Level 1  
  176  14:50  Overlord x2  
  176  14:51  Overlord x5  
  173  14:56  Overlord  
  173  14:59  Hydralisk x3  
  174  15:00  Corruptor x5  
  174  15:01  Corruptor  
  174  15:06  Corruptor  
  192  15:15  Drone, Spore Crawler  
  192  15:16  Spine Crawler  
  192  15:20  Overseer  
  191  15:26  Adrenal Glands  
  191  15:37  Spore Crawler  
  189  15:46  Brood Lord x3  
  189  15:47  Brood Lord x2  
  199  15:51  Spine Crawler x2  
  199  15:52  Brood Lord  
  199  15:53  Spine Crawler  
  199  15:54  Brood Lord, Spine Crawler  
  199  15:56  Spore Crawler  
  198  15:57  Baneling x6  
  198  15:58  Baneling x2  
  198  16:08  Zerg Flyer Armor Level 1  
  198  16:24  Zergling x2  
  193  16:35  Zergling x14  
  192  16:47  Zergling x16  
  190  17:03  Zergling x2  
  190  17:04  Zergling x18  
  186  17:18  Zergling x40  
  186  17:22  Zergling x8  
  199  17:30  Baneling x25  
  199  17:31  Baneling x25  
  185  17:43  Hydralisk x12  
  199  17:48  Hydralisk, Overseer x5  
  179  18:16  Hydralisk x12  
  189  18:21  Hydralisk x2  
  189  18:23  Zergling x4  
  189  18:25  Hydralisk  
  190  18:28  Hydralisk  
  190  18:31  Zergling x4  
  190  18:33  Hydralisk  
  190  18:34  Hydralisk  
  177  18:35  Zergling x2  
  181  18:43  Zergling x10  
  181  18:44  Zergling x6  
  181  18:47  Drone  
  181  18:48  Infestor  
  190  18:51  Lurker Den  
  191  18:55  Drone  
  191  19:02  Infestor x4, Zergling x14  
  199  19:07  Baneling x2  
  198  19:15  Zergling x2  
  198  19:16  Zergling x2  
  199  19:22  Lurker Den  
  198  19:33  Baneling x2  
  198  19:34  Baneling x3  
  198  19:44  Zergling x2  
  199  19:45  Baneling x5  
  199  19:46  Baneling x11  
  199  19:51  Adaptive Talons  
  173  20:30  Seismic Spines  
  173  20:32  Extractor x2  
  173  20:33  Zergling x2  
  173  20:34  Spine Crawler, Zergling x58  
  200  20:41  Infestor  
  200  20:42  Infestor x4  
  200  20:52  Nydus Network  
  199  20:57  Baneling x26  
  199  20:58  Baneling x31  
  199  21:01  Zergling x2  
  164  21:35  Hydralisk x7  
  164  21:36  Zergling x8  
  164  21:37  Zergling x4  
  155  21:43  Zergling x2  
  145  21:47  Zergling x4  
  145  21:50  Zergling x10  
  145  21:51  Overlord x4, Overseer, Zergling x20  
  145  21:52  Overlord x2  
  162  21:54  Lurker x8  
  170  22:02  Hatchery  
  170  22:04  Overseer  
  170  22:05  Overseer x4  
  170  22:07  Zergling x2  
  170  22:09  Overlord  
  170  22:12  Lurker x12  
  170  22:13  Nydus Canal  
  170  22:14  Baneling  
  170  22:15  Baneling x7  
  182  22:18  Zergling x16  
  182  22:21  Zergling x6  
  193  22:25  Baneling x2, Zergling x2  
  193  22:26  Baneling x2  
  194  22:31  Zergling x10  
  180  22:48  Hydralisk x5  
  180  22:50  Zergling x14  
  185  22:51  Overseer x3  
  185  22:55  Hydralisk x2  
  174  23:01  Zergling x2  
  174  23:02  Zergling x8  
  174  23:05  Hydralisk x2  
  167  23:07  Zergling x2  

Tags
 
Add a new tag
Caveats
  • Supply blocks, unpowered buildings, or Contaminate may cause inaccurate times.
  • Supply counts are checked every 10 seconds.